 Dungeon Crawl Stone Soup version 0.21.1-1-g345015f (webtiles) character file.

625 mikered the Skirmisher (level 7, -5/64 HPs)
             Began as a Yellow Draconian Berserker on Apr 21, 2018.
             Was a Priest of Trog.
             Slain by Menkaure (10 damage)
             ... on level 4 of the Dungeon.
             The game lasted 00:30:35 (3005 turns).

mikered the Skirmisher (Yellow Draconian Berserker) Turns: 3005, Time: 00:30:36

Health: -5/64      AC:  7    Str: 21    XL:     7   Next: 23%
Magic:  7/7        EV: 13    Int:  8    God:    Trog [***...]
Gold:   56         SH:  0    Dex: 10    Spells: 6/6 levels left

rFire    . . .     SeeInvis .   u - +3 dire flail (holy)
rCold    . . .     Gourm    .   (shield currently unavailable)
rNeg     . . .     Faith    .   (armour unavailable)
rPois    .         Spirit   .   (helmet restricted)
rElec    .         Reflect  .   (no cloak)
rCorr    +         Harm     .   f - +0 pair of gloves
MR       .....                  (no boots)
Stlth    ++........             (no amulet)
HPRegen  0.20/turn              (no ring)
MPRegen  0.10/turn              (no ring)

@: no status effects
A: spit acid, acid resistance, unfitting armour, cold-blooded, AC +6
a: Breathe Acid, Berserk, Trog's Hand, Burn Spellbooks, Renounce Religion


You were on level 4 of the Dungeon.
You worshipped Trog.
Trog was most pleased with you.
You were not hungry.

You visited 1 branch of the dungeon, and saw 4 of its levels.

You collected 89 gold pieces.
You spent 33 gold pieces at shops.

Inventory:

Hand Weapons
 a - a +0 spear
 d - a +0 dagger
 e - a +0 short sword
 k - a +0 club
 p - a +0 spear
 q - a +0 glaive
 r - a +2 whip of venom
 u - a +3 dire flail of holy wrath (weapon)
 v - a +2 dagger of speed
 w - a +2 flail of crushing
Missiles
 c - 17 arrows
Armour
 f - a +0 pair of gloves (worn)
Wands
 g - a wand of flame (31)
 j - a wand of disintegration (8)
 m - a wand of iceblast (6)
 t - a wand of random effects (30)
 x - a wand of polymorph (9)
Scrolls
 i - 3 scrolls of identify
 l - a scroll of random uselessness {unknown}
 s - 2 scrolls of amnesia {unknown}
 y - a scroll of immolation {unknown}
 z - a scroll of teleportation
Potions
 n - a potion of cancellation {unknown}
 o - a potion of ambrosia {unknown}
 A - 2 potions of haste {unknown}
Comestibles
 b - 7 rations


   Skills:
 - Level 6.4 Fighting
 - Level 2.1 Short Blades
 * Level 2.7 Maces & Flails
 - Level 3.2 Polearms
 - Level 4.3 Dodging
 - Level 2.0 Stealth


You had 6 spell levels left.
You didn't know any spells.

Dungeon Overview and Level Annotations

Branches:
Dungeon (4/15)
 Temple: D:4-7

Altars:
Kikubaaqudgha
Makhleb
Uskayaw
Yredelemnul

Shops:
D:4 !

Annotations:
D:4 Menkaure


Innate Abilities, Weirdness & Mutations

You can spit globs of acid.
You are resistant to acid.
Your golden yellow scales are hard. (AC +6)
You cannot fit into any form of body armour.
You are cold-blooded and may be slowed by cold attacks.


Message History

Menkaure hits you!
* * * LOW HITPOINT WARNING * * *
Okay, then.
Evoke which item? (* to show all) (? for menu, Esc to quit)
Aiming: Throw Flame
Press: ? - help, Shift-Dir - straight line, f/p - Menkaure
Aim: Menkaure (severely damaged, fast)
The puff of flame hits Menkaure.
Menkaure appears unharmed.
Menkaure is severely damaged.
Menkaure calls on the powers of darkness!
Your body is wracked with pain!
* * * LOW HITPOINT WARNING * * *
Evoke which item? (* to show all) (? for menu, Esc to quit)
Aiming: Throw Flame
Press: ? - help, Shift-Dir - straight line, f/p - Menkaure
Aim: Menkaure (severely damaged, fast)
The puff of flame hits Menkaure.
Menkaure is burned terribly!
Menkaure is almost destroyed.
Menkaure hits you!
You die...

#...#...#
....###.#
#... ..#># .
..[#
#.......
#...
.....###
...##
......#
#...#
....#.######
#...##
...........#
#.M.##
...........#
#@[.##
...........#
##.$.##
##.#.......#
##...##
##.#.......#
##...#
...........#
#...##
.#.#..)....#
##...#
...#.......#
#...##
##.#.......#
##...#
#.#.......#
#...#


You could see Menkaure.

Vanquished Creatures
  The ghost of raikaria the Grasshopper, an amateur GnWr (D:4)
  Edmund (D:4)
  An ogre (D:4)
  An orc priest (D:3)
  A hound (D:4)
  Ijyb (D:4)
  4 gnolls (D:3)
  8 adders
  2 oozes (D:2)
  An adder skeleton (D:4)
  2 worms (D:2)
  A dart slug (D:3)
  2 leopard geckos
  7 orcs
  2 giant cockroaches
  10 goblins
  4 hobgoblins (D:1)
  3 jackals (D:2)
  8 kobolds
  3 quokkas (D:2)
  7 bats
  6 frilled lizards
  2 rats (D:3)
78 creatures vanquished.

Notes
Turn   | Place    | Note
-------+----------+-------------------------------------------
     0 | D:1      | mikered the Draconian Berserker began the quest for the Orb.
     0 | D:1      | Reached XP level 1. HP: 19/19 MP: 1/1
   149 | D:1      | Reached XP level 2. HP: 21/26 MP: 2/2
   469 | D:1      | Reached skill level 1 in Stealth
   674 | D:2      | Found a hide-covered altar of Uskayaw.
   738 | D:2      | Reached XP level 3. HP: 31/31 MP: 3/3
   801 | D:2      | Found an ancient bone altar of Kikubaaqudgha.
   814 | D:2      | Reached ** piety under Trog
   879 | D:2      | Reached skill level 1 in Short Blades
  1425 | D:2      | Reached XP level 4. HP: 38/38 MP: 4/4
  1702 | D:4      | Noticed Edmund
  1707 | D:4      | Killed Edmund
  1707 | D:4      | Reached skill level 4 in Fighting
  1707 | D:4      | Reached XP level 5. HP: 47/47 MP: 5/5
  1772 | D:3      | Reached skill level 5 in Fighting
  2121 | D:3      | Reached XP level 6. HP: 56/56 MP: 6/6
  2336 | D:4      | Noticed raikaria's ghost (amateur GnWr)
  2351 | D:4      | Found a basalt altar of Yredelemnul.
  2549 | D:4      | Found Reemuq's Distillery.
  2559 | D:4      | Bought a potion of curing for 33 gold pieces
  2605 | D:4      | Found a burning altar of Makhleb.
  2654 | D:4      | Killed raikaria's ghost
  2654 | D:4      | Reached skill level 6 in Fighting
  2666 | D:4      | Reached *** piety under Trog
  2677 | D:4      | Reached skill level 1 in Maces & Flails
  2754 | D:4      | Your scales start taking on a golden yellow colour.
  2754 | D:4      | Reached XP level 7. HP: 46/64 MP: 7/7
  2886 | D:4      | Noticed Ijyb
  2900 | D:4      | Killed Ijyb
  2991 | D:4      | Noticed Menkaure
  3005 | D:4      | Slain by Menkaure

Skill      XL: |  1  2  3  4  5  6 |
---------------+-------------------+-----
Dodging        | 3 4 |  4.3
Stealth        | 1 2 |  2.0
Short Blades   | 2 |  2.1
Fighting       | 4 5 6 |  6.4
Maces & Flails | 2 |  2.7
Polearms       | |  3.2

Action                   |  1- 3 |  4- 6 |  7- 9 || total
-------------------------+-------+-------+-------++-------
Melee: Spear             |   163 |   133 |       ||   296
       Tailslap          |    14 |    13 |     2 ||    29
       Dire flail        |       |    24 |    15 ||    39
Invok: Berserk           |       |     2 |       ||     2
Evoke: Wand              |       |     7 |     3 ||    10
  Use: Scroll            |       |     5 |       ||     5
       Potion            |       |     1 |     3 ||     4
 Stab: Sleeping          |     4 |     3 |       ||     7
  Eat: Chunk             |     2 |     4 |       ||     6
       Ration            |       |     1 |       ||     1
Armor: Skin              |    40 |    40 |     6 ||    86
Dodge: Dodged            |    52 |    89 |     8 ||   149
